 Dungeon Crawl Stone Soup version 0.30-a0-141-g30f27751c5 (webtiles) character file.

Game seed: 9050148406359187014

3089 qw the Cleaver (level 9, -12/56 HPs)
             Began as a Gargoyle Fighter on Sept 25, 2022.
             Was a Priest of Okawaru.
             Mangled by Psyche
             ... wielding a +4 dagger of distortion
              (19 damage)
             ... on level 8 of the Dungeon.
             The game lasted 00:02:45 (6808 turns).

qw the Cleaver (Gargoyle Fighter)                   Turns: 6808, Time: 00:02:46

Health: -12/56     AC: 28    Str: 23    XL:     9   Next: 89%
Magic:  11/12      EV:  2    Int: 10    God:    Okawaru [***...]
Gold:   246        SH: 29    Dex:  9    Spells: 8/8 levels left

rFire   . . .      SeeInvis .    Y - +0 broad axe
rCold   . . .      Faith    .    a - +18 shield of the Gong {rElec rN+ Will+ EV-5}
rNeg    + + .      Spirit   .    o - +0 plate armour
rPois   inf        Reflect  .    h - +0 helmet
rElec   +          Harm     .    (no cloak)
rCorr   .          Rampage  .    e - +1 pair of gloves
Will    +....                    (no boots)
Stlth   ..........               (no amulet)
HPRegen 0.18/turn                c - +4 ring of protection
MPRegen 0.13/turn                (no ring)

@: heroic
A: sickness immunity, AC +6, negative energy resistance 1, electricity
resistance, torment resistance 1, petrification resistance
a: Renounce Religion, Heroism


You were on level 8 of the Dungeon.
You worshipped Okawaru.
Okawaru was most pleased with you.
You visited 2 branches of the dungeon, and saw 9 of its levels.
You also visited: Ossuary.

You collected 392 gold pieces.
You spent 146 gold pieces at shops.


Innate Abilities, Weirdness & Mutations

You are immune to sickness and miasma.
Your stone body is resilient. (AC +6)
You are immune to poison.
You resist negative energy. (rN+)
You are resistant to electric shocks. (rElec)
You are resistant to unholy torment.
You are immune to petrification.


   Skills:
 - Level 6.6(11.6) Fighting
 + Level 8.2(13.2) Axes
 - Level 1.0(6.0) Throwing
 - Level 5.1(10.1) Armour
 - Level 1.1(6.1) Dodging
 - Level 8.0(13.0) Shields
 - Level 4.1 Invocations


You had 8 spell levels left.
You didn't know any spells.
Your spell library was empty.

Inventory:

Hand Weapons
 n - a +2 vorpal flail
 Y - a +0 broad axe (weapon)
Missiles
 i - 4 boomerangs (quivered)
Armour
 a - the +18 shield of the Gong (worn) {rElec rN+ Will+ EV-5}
   (You acquired it on level 1 of the Dungeon)

   It is deafeningly noisy when blocking attacks.
   EV:        It affects your evasion (-5).
   rElec:     It insulates you from electricity.
   rN:        It protects you from negative energy.
   Will:      It increases your willpower.
 e - a +1 pair of gloves (worn)
 h - a +0 helmet (worn)
 o - a +0 plate armour (worn)
Jewellery
 c - a +4 ring of protection (left hand)
Scrolls
 j - 4 scrolls of identify
 l - a scroll of teleportation
Potions
 b - 2 potions of haste
 d - a potion of might
 g - 6 potions of curing
 k - a potion of mutation
 m - 2 potions of attraction
 q - a potion of cancellation
 r - a potion of resistance

Dungeon Overview and Level Annotations

Branches:
Dungeon (8/15)             Temple (1/1) D:4         Ossuary (visited)
   Lair: D:8-11

Altars:
Ashenzari
Cheibriados
Dithmenos
Elyvilon
Fedhas
Gozag
Hepliaklqana
Kikubaaqudgha
Makhleb
Nemelex Xobeh
Okawaru
Qazlal
Ru
Sif Muna
Trog
Uskayaw
Vehumet
Wu Jian
Xom
Yredelemnul
Zin
The Shining One

Shops:
D:3 !   D:6 *

Portals:
Abyss: D:5

Annotations:
D:5 2 transporters, qw's ghost, weakling GrFi
D:8 Psyche


Message History

You slash Maggie!
Maggie is severely wounded.
You hit something but do no damage. Something hits you.
The wight hits you but does no damage. Maggie casts a spell at you.
The bolt of fire hits you but does no damage.
You hit Maggie.
Maggie is severely wounded.
You slash something! Something hits you but does no damage.
Space warps around you. You block the wight's attack.
BOUMMMMG!
A gnoll comes into view. It is wielding a +0 flail.
You block Maggie's attack.
GONNNNG!
You slash Maggie!
Maggie is severely wounded.
You closely miss something. You block something's attack.
GONNNNG!
You block the wight's attack.
GONNNNG!
Maggie hits you but does no damage. Something hits you but does no damage.
You hear an angry hiss.
You barely miss Maggie.
Maggie is severely wounded.
You completely miss something. Something hits you but does no damage.
Space warps horribly around you!! You block the wight's attack.
PANG!
You block Maggie's attack.
GONNNNG!
You hear a shout!
You slice Maggie!!
You kill Maggie!
Okawaru accepts your kill.
You slash something! Something hits you! Space warps horribly around you!
The wight hits you from afar with a +1 trident.
Something hits you but does no damage. Space warps horribly around you!!
You die...

## ######## ..
####....))#z#####
#.......%@)z.....
#.##...<#.#g####.
#..###.# # #..
#.# ... ..# .###
### #


You could see 2 wights and a gnoll.

Vanquished Creatures
  Maggie (D:8)
  A hornet (D:8)
  A steam dragon (D:6)
  Menkaure (D:5)
  Edmund (D:4)
  3 water moccasins (D:7)
  2 ice beasts
  A sky beast (D:7)
  An ogre (D:5)
  4 centaurs
  2 bullfrogs
  3 necrophages
  2 scorpions (D:5)
  9 wights
  3 hounds (D:5)
  2 jellies
  An iguana (D:6)
  Natasha (twice) (D:2)
  6 orc wizards
  Terence (D:2)
  2 mummies
  6 adders
  3 white imps
  2 worms
  3 dart slugs
  24 orcs
  9 endoplasms
  6 giant cockroaches
  12 gnoll zombies (Ossuary)
  5 goblins
  7 hobgoblins
  6 jackals
  3 quokkas
  4 ball pythons
  A bat (D:2)
  4 bat simulacra (Ossuary)
  2 frilled lizards
  2 goblin simulacra (Ossuary)
  3 goblin zombies
  5 hobgoblin zombies (Ossuary)
  7 kobolds
  3 kobold simulacra (Ossuary)
  6 kobold zombies (Ossuary)
  6 orc zombies
  5 rats
  2 rat simulacra (Ossuary)
  6 spectral goblins (Ossuary)
  7 spectral kobolds (Ossuary)
  6 spectral rats (Ossuary)
204 creatures vanquished.

Vanquished Creatures (others)
  21 fungi (D:4)
21 creatures vanquished.

Grand Total: 225 creatures vanquished

Notes
Turn   | Place    | Note
-------+----------+-------------------------------------------
     0 | D:1      | qw the Gargoyle Fighter began the quest for the Orb.
     0 | D:1      | Reached XP level 1. HP: 14/14 MP: 1/1
     0 | D:1      | 0 ||| qw: Version: 0.2-a-10-g399e6c4
     0 | D:1      | 0 ||| qw: Game counter: 225
     0 | D:1      | 0 ||| qw: Always use a shield: true
     0 | D:1      | 0 ||| qw: God list: Okawaru
     0 | D:1      | 0 ||| qw: Allow faded altars: false
     0 | D:1      | 0 ||| qw: Do Orc after D:15 true
     0 | D:1      | 0 ||| qw: Do second Lair branch before Depths: true
     0 | D:1      | 0 ||| qw: Lair rune preference: random
     0 | D:1      | 0 ||| qw: Plans: Normal, Zot:1-4, God:TSO, Crypt, Tomb,
                  | Pan, Slime:5, Hells, Abyss, Orb
     0 | D:1      | 0 ||| PLANNING D:1-11
   361 | D:1      | Reached XP level 2. HP: 19/19 MP: 2/2
   484 | D:1      | Found a faded altar of an unknown god.
   644 | D:1      | Reached skill level 3 in Axes
   646 | D:1      | Reached XP level 3. HP: 20/23 MP: 3/3
   821 | D:1      | 821 ||| Stepping ~*~*~tactically~*~*~ (hiding).
  1163 | D:1      | 1163 ||| UPGRADING to +0 pair of gloves.
  1168 | D:1      | 1168 ||| READING scroll labelled NELATE HIAPT.
  1169 | D:1      | 1169 ||| READING scroll labelled BENUPT UZADIO.
  1170 | D:1      | 1170 ||| READING scroll labelled RACROSCH ITHOO.
  1173 | D:1      | 1173 ||| READING scroll labelled PIULYD OTUH.
  1173 | D:1      | Identified a scroll of acquirement
  1173 | D:1      | 1173 ||| ACQUIRING +18 shield of the Gong {rElec rN+ Will+
                  | EV-5}
  1173 | D:1      | Acquired the +18 shield of the Gong {rElec rN+ Will+ EV-5}
  1173 | D:1      | Found the +18 shield of the Gong {rElec rN+ Will+ EV-5}
  1175 | D:1      | 1175 ||| UPGRADING to +18 shield of the Gong {rElec rN+
                  | Will+ EV-5}.
  1185 | D:1      | 1185 ||| DROPPING +0 buckler.
  1186 | D:1      | 1186 ||| READING 3 scrolls labelled SEIPHA QAEWOU.
  1187 | D:1      | 1187 ||| READING scroll labelled AFIMEN RULI.
  1188 | D:1      | 1188 ||| DRINKING 2 bubbling golden potions.
  1189 | D:1      | 1189 ||| DROPPING 2 scrolls of butterflies.
  1228 | D:2      | Noticed Terence
  1229 | D:2      | 1229 ||| Stepping ~*~*~tactically~*~*~ (hiding).
  1230 | D:2      | 1230 ||| Stepping ~*~*~tactically~*~*~ (hiding).
  1239 | D:2      | Killed Terence
  1240 | D:2      | Reached XP level 4. HP: 10/28 MP: 4/4
  1528 | D:2      | 1528 ||| Stepping ~*~*~tactically~*~*~ (stealth).
  1639 | D:2      | Noticed Natasha
  1657 | D:2      | Killed Natasha
  1666 | D:2      | Noticed Natasha
  1673 | D:2      | Killed Natasha
  1674 | D:2      | Reached XP level 5. HP: 16/32 MP: 5/5
  1895 | D:2      | 1895 ||| Stepping ~*~*~tactically~*~*~ (stealth).
  2369 | D:2      | 2369 ||| UPGRADING to +0 chain mail.
  2379 | D:2      | 2379 ||| DROPPING +0 scale mail.
  2380 | D:2      | 2380 ||| UPGRADING to +4 ring of protection.
  2381 | D:2      | 2381 ||| READING scroll labelled CUCHYCREGU.
  2382 | D:2      | 2382 ||| READING scroll labelled YMNAIW BYDA.
  2383 | D:2      | 2383 ||| READING scroll labelled COEKLI NUIGOSO.
  2421 | D:3      | 2421 ||| DROPPING +0 club.
  2550 | D:3      | Found Zopufi Oble's Distillery.
  2551 | D:3      | 2551 ||| Stepping ~*~*~tactically~*~*~ (stealth).
  2555 | D:3      | 2555 ||| SHOPLISTING potion of cancellation (112 gold, have
                  | 94).
  2555 | D:3      | 2555 ||| BUYING potion of curing (42 gold).
  2555 | D:3      | Bought a potion of curing for 42 gold pieces
  2725 | D:3      | 2725 ||| READING scroll of enchant weapon.
  2725 | D:3      | 2725 ||| ENCHANTING +1 war axe of freezing.
  2954 | D:3      | 2954 ||| READING scroll of enchant weapon.
  2954 | D:3      | 2954 ||| ENCHANTING +2 war axe of freezing.
  2979 | D:3      | 2979 ||| UPGRADING to +0 helmet.
  2984 | D:3      | 2984 ||| UPGRADING to amulet of guardian spirit.
  2989 | D:3      | 2989 ||| READING 4 scrolls of identify.
  2989 | D:3      | 2989 ||| IDENTIFYING fuming black potion
  2990 | D:3      | 2990 ||| READING 3 scrolls of identify.
  2990 | D:3      | 2990 ||| IDENTIFYING bubbling amethyst potion
  3005 | D:4      | Found a hide-covered altar of Uskayaw.
  3054 | D:4      | 3054 ||| Stepping ~*~*~tactically~*~*~ (water).
  3070 | D:4      | Noticed Edmund
  3084 | D:4      | Killed Edmund
  3085 | D:4      | Reached XP level 6. HP: 28/37 MP: 4/6
  3095 | D:4      | 3095 ||| FLEEEEING.
  3152 | D:4      | 3152 ||| DROPPING +0 whip.
  3212 | D:4      | 3212 ||| Stepping ~*~*~tactically~*~*~ (hiding).
  3242 | D:4      | 3242 ||| READING scroll of enchant weapon.
  3242 | D:4      | 3242 ||| ENCHANTING +3 war axe of freezing.
  3249 | D:4      | 3249 ||| Stepping ~*~*~tactically~*~*~ (stealth).
  3383 | D:4      | Found a staircase to the Ecumenical Temple.
  3384 | D:4      | 3384 ||| PLANNING TEMPLE
  3389 | Temple   | Entered the Ecumenical Temple
  3527 | Temple   | 3527 ||| PLANNING OKAWARU WORSHIP
  3582 | Temple   | Became a worshipper of Warmaster Okawaru
  3583 | Temple   | 3583 ||| PLANNING D:1-11
  3583 | Temple   | 3583 ||| REMOVING amulet of guardian spirit.
  3588 | Temple   | 3588 ||| DROPPING amulet of guardian spirit.
  3656 | D:4      | 3656 ||| Stepping ~*~*~tactically~*~*~ (stealth).
  3657 | D:4      | 3657 ||| Stepping ~*~*~tactically~*~*~ (stealth).
  3658 | D:4      | 3658 ||| Stepping ~*~*~tactically~*~*~ (stealth).
  3901 | D:4      | 3901 ||| READING 3 scrolls of identify.
  3901 | D:4      | 3901 ||| IDENTIFYING green potion
  3923 | D:5      | Entered Level 5 of the Dungeon
  3925 | D:5      | 3925 ||| Stepping ~*~*~tactically~*~*~ (stealth).
  3928 | D:5      | 3928 ||| Stepping ~*~*~tactically~*~*~ (stealth).
  3946 | D:5      | Noticed Menkaure
  3947 | D:5      | Reached XP level 7. HP: 39/41 MP: 7/7
  3954 | D:5      | Reached * piety under Okawaru
  3955 | D:5      | 3955 ||| INVOKING Heroism.
  3960 | D:5      | Reached skill level 1 in Invocations
  3964 | D:5      | HP: 9/43 [Menkaure (12)]
  3965 | D:5      | 3965 ||| READING 2 scrolls of teleportation.
  3966 | D:5      | 3966 ||| INVOKING Heroism.
  3967 | D:5      | Killed Menkaure
  3968 | D:5      | Reached skill level 6 in Axes
  3986 | D:5      | 3986 ||| Stepping ~*~*~tactically~*~*~ (hiding).
  3987 | D:5      | 3987 ||| Stepping ~*~*~tactically~*~*~ (hiding).
  3988 | D:5      | 3988 ||| READING scroll of teleportation.
  3989 | D:5      | 3989 ||| INVOKING Heroism.
  3994 | D:5      | Reached skill level 6 in Shields
  3994 | D:5      | Reached XP level 8. HP: 12/48 MP: 5/10
  3998 | D:5      | Reached skill level 1 in Dodging
  3998 | D:5      | Reached skill level 3 in Invocations
  4034 | D:5      | 4034 ||| Stepping ~*~*~tactically~*~*~ (stealth).
  4035 | D:5      | 4035 ||| Stepping ~*~*~tactically~*~*~ (stealth).
  4039 | D:5      | 4039 ||| Stepping ~*~*~tactically~*~*~ (stealth).
  4040 | D:5      | 4040 ||| INVOKING Heroism.
  4044 | D:5      | 4044 ||| Stepping ~*~*~tactically~*~*~ (hiding).
  4059 | D:5      | 4059 ||| INVOKING Heroism.
  4263 | D:5      | Found a transporter.
  4276 | D:5      | Found a one-way gate to the infinite horrors of the Abyss.
  4279 | D:5      | Noticed a small abomination
  4312 | D:5      | Noticed qw's ghost (weakling GrFi)
  4340 | D:5      | 4340 ||| READING scroll of enchant weapon.
  4340 | D:5      | 4340 ||| ENCHANTING +4 war axe of freezing.
  4407 | D:5      | 4407 ||| READING scroll of enchant armour.
  4407 | D:5      | 4407 ||| ENCHANTING +0 pair of gloves.
  4458 | D:5      | Found a transporter.
  4496 | D:5      | 4496 ||| UPGRADING to +0 plate armour.
  4506 | D:5      | 4506 ||| DROPPING +0 chain mail.
  4507 | D:5      | 4507 ||| READING scroll labelled KOQOOPY JYROJOMP.
  4519 | D:6      | 4519 ||| PLANNING OSSUARY
  4550 | D:6      | Identified the +4 dagger "Simutz" {speed, rPois}
  4563 | D:6      | 4563 ||| READING scroll of enchant weapon.
  4563 | D:6      | 4563 ||| ENCHANTING +5 war axe of freezing.
  4601 | D:6      | 4601 ||| Stepping ~*~*~tactically~*~*~ (hiding).
  4609 | D:6      | 4609 ||| Stepping ~*~*~tactically~*~*~ (stealth).
  4614 | D:6      | 4614 ||| Stepping ~*~*~tactically~*~*~ (stealth).
  4615 | D:6      | 4615 ||| INVOKING Heroism.
  4660 | D:6      | 4660 ||| Stepping ~*~*~tactically~*~*~ (hiding).
  4661 | D:6      | 4661 ||| Stepping ~*~*~tactically~*~*~ (hiding).
  4662 | D:6      | 4662 ||| INVOKING Heroism.
  4663 | D:6      | 4663 ||| READING 2 scrolls of identify.
  4663 | D:6      | 4663 ||| IDENTIFYING metallic purple potion
  4666 | D:6      | Reached ** piety under Okawaru
  4825 | D:6      | 4825 ||| Stepping ~*~*~tactically~*~*~ (stealth).
  4827 | D:6      | Found Kukubb's General Store.
  4830 | D:6      | 4830 ||| BUYING +0 broad axe (52 gold).
  4830 | D:6      | Bought a +0 broad axe for 52 gold pieces
  4830 | D:6      | 4830 ||| BUYING scroll of identify (26 gold).
  4830 | D:6      | Bought a scroll of identify for 26 gold pieces
  4830 | D:6      | 4830 ||| BUYING scroll of identify (26 gold).
  4830 | D:6      | Bought a scroll of identify for 26 gold pieces
  4830 | D:6      | 4830 ||| SWAPPING to +0 broad axe.
  4831 | D:6      | 4831 ||| DROPPING +6 war axe of freezing.
  4841 | D:6      | 4841 ||| Stepping ~*~*~tactically~*~*~ (hiding).
  4842 | D:6      | 4842 ||| Stepping ~*~*~tactically~*~*~ (hiding).
  4854 | D:6      | 4854 ||| Stepping ~*~*~tactically~*~*~ (hiding).
  4855 | D:6      | 4855 ||| Stepping ~*~*~tactically~*~*~ (hiding).
  4860 | D:6      | 4860 ||| INVOKING Heroism.
  4886 | D:6      | 4886 ||| INVOKING Heroism.
  4888 | D:6      | Reached XP level 9. HP: 38/54 MP: 9/12
  5104 | D:6      | Found a sand-covered staircase.
  5105 | D:6      | 5105 ||| DROPPING potion of flight.
  5109 | Ossuary  | Entered an ossuary
  5116 | Ossuary  | 5116 ||| INVOKING Heroism.
  5159 | Ossuary  | 5159 ||| INVOKING Heroism.
  5268 | Ossuary  | Reached skill level 1 in Throwing
  5345 | Ossuary  | 5345 ||| INVOKING Heroism.
  5364 | Ossuary  | 5364 ||| INVOKING Heroism.
  5579 | Ossuary  | 5579 ||| READING 5 scrolls of identify.
  5579 | Ossuary  | 5579 ||| IDENTIFYING dark potion
  5580 | Ossuary  | 5580 ||| READING 4 scrolls of identify.
  5580 | Ossuary  | 5580 ||| IDENTIFYING emerald potion
  5581 | Ossuary  | 5581 ||| DROPPING potion of ambrosia.
  5606 | D:6      | 5606 ||| PLANNING D:1-11
  5901 | D:7      | 5901 ||| INVOKING Heroism.
  5929 | D:7      | 5929 ||| FLEEEEING.
  5930 | D:7      | 5930 ||| FLEEEEING.
  5932 | D:7      | 5932 ||| FLEEEEING.
  5933 | D:7      | 5933 ||| FLEEEEING.
  5934 | D:7      | 5934 ||| FLEEEEING.
  5935 | D:7      | 5935 ||| FLEEEEING.
  5936 | D:7      | 5936 ||| FLEEEEING.
  5937 | D:7      | 5937 ||| FLEEEEING.
  5938 | D:7      | 5938 ||| FLEEEEING.
  5939 | D:7      | 5939 ||| STAIRDANCE
  5999 | D:7      | 5999 ||| INVOKING Heroism.
  6235 | D:7      | 6235 ||| Stepping ~*~*~tactically~*~*~ (stealth).
  6236 | D:7      | 6236 ||| Stepping ~*~*~tactically~*~*~ (stealth).
  6263 | D:7      | 6263 ||| Stepping ~*~*~tactically~*~*~ (hiding).
  6358 | D:7      | 6358 ||| Stepping ~*~*~tactically~*~*~ (hiding).
  6359 | D:7      | 6359 ||| Stepping ~*~*~tactically~*~*~ (hiding).
  6737 | D:7      | 6737 ||| READING scroll labelled UCZONOZESH.
  6758 | D:8      | Noticed a hornet
  6764 | D:8      | Killed a hornet
  6765 | D:8      | Reached skill level 6 in Fighting
  6765 | D:8      | 6765 ||| INVOKING Heroism.
  6785 | D:8      | 6785 ||| INVOKING Heroism.
  6787 | D:8      | Noticed Maggie
  6795 | D:8      | Noticed Psyche
  6796 | D:8      | 6796 ||| INVOKING Heroism.
  6798 | D:8      | Reached *** piety under Okawaru
  6808 | D:8      | Killed Maggie
  6808 | D:8      | HP: 12/56 [something (14)]
  6808 | D:8      | Mangled by Psyche

Levels and vault maps discovered:
D:1:      amcnicky_arrival_abandoned_market, layout_loops_ring,
          basic_ecumenical_altar, dreamdust_wishing_well,
          minmay_misc_feat_columns
D:2:      layout_basic, uniq_natasha, uniq_terence
D:3:      layout_loops_cross, serial_shops, shop, nicolae_figureground_sparkle
D:4:      layout_rooms, mainiacjoe_overflow_cross_hatched,
          minmay_temple_entry_fiery, serial_rivers,
          chequers_serial_rivers_room_a, chequers_serial_rivers_marsh,
          chequers_serial_rivers_micro_c, chequers_serial_rivers_small_b,
          chequers_serial_rivers_micro_b, chequers_serial_rivers_small_3,
          kennysheep_cross_room, minmay_misc_feat_ornament, uniq_edmund
D:5:      layout_basic, gammafunk_ghost_abyssal_escape, uniq_menkaure
D:6:      layout_cave_pools, nicolae_ossuary_entry_giza, serial_shops,
          kennysheep_mini, serial_park_tiny_1, kennysheep_generic_room_5
D:7:      wad_pebble_path, layout_gridville
D:8:      layout_basic, kennysheep_crisscross, uniq_psyche, uniq_maggie
Temple:   minmay_crystal_snake_temple

Skill      XL: |  1  2  3  4  5  6  7  8  9 |
---------------+----------------------------+-----
Axes           | 2 3 4 5 6 7 8 |  8.2
Shields        | 4 5 6 8 |  8.0
Fighting       | 4 5 6 |  6.6
Invocations    | 2 4 |  4.1
Dodging        | 1 |  1.1
Armour         | 4 5 |  5.1
Throwing       | 1 |  1.0

Action                   |  1- 3 |  4- 6 |  7- 9 || total
-------------------------+-------+-------+-------++-------
Melee: War axe           |    63 |   130 |    64 ||   257
       Broad axe         |       |       |   271 ||   271
Throw: Boomerang         |       |       |    37 ||    37
Invok: Heroism           |       |       |    18 ||    18
  Use: Scroll            |     6 |     9 |    10 ||    25
       Potion            |     1 |       |       ||     1
Armor: Scale mail        |    26 |     7 |       ||    33
       Chain mail        |       |    24 |    18 ||    42
       Plate armour      |       |       |    95 ||    95
Dodge: Dodged            |    22 |     3 |    10 ||    35
Block: Buckler           |    12 |       |       ||    12
       Kite shield       |    10 |   113 |   379 ||   502

Table legend:
 A = Non-vault XP
 B = Vault XP
 C = Vault XP percentage of total XP
 D = Non-vault monster count
 E = Vault monster count
 F = Vault count percentage of total count
                 A         B        C        D         E       F
            +---------+---------+-------+---------+---------+-------
      Total |    3796 |    1016 |  21.1 |     134 |      70 |  34.3
            +---------+---------+-------+---------+---------+-------
        D:1 |      40 |       0 |   0.0 |      21 |       0 |   0.0
        D:2 |      98 |      68 |  41.0 |      22 |       2 |   8.3
        D:3 |       8 |       0 |   0.0 |       5 |       0 |   0.0
        D:4 |     105 |     157 |  59.9 |      24 |       1 |   4.0
        D:5 |     912 |     172 |  15.9 |      27 |       1 |   3.6
        D:6 |     681 |     135 |  16.5 |      12 |       4 |  25.0
        D:7 |    1081 |       0 |   0.0 |      15 |       0 |   0.0
        D:8 |     871 |     398 |  31.4 |       8 |       1 |  11.1
    Ossuary |       0 |      86 | 100.0 |       0 |      61 | 100.0
            +---------+---------+-------+---------+---------+-------
